 Dungeon Crawl Stone Soup version 0.30-a0-475-g03497ec522 (webtiles) character file.

Game seed: 755466820545649715

786 bmack86 the Chopper (level 7, -10/62 HPs)
             Began as a Minotaur Fighter on Dec 21, 2022.
             Mangled by a yak (12 damage)
             ... on level 4 of the Dungeon.
             The game lasted 00:08:28 (3339 turns).

bmack86 the Chopper (Minotaur Fighter)              Turns: 3339, Time: 00:08:29

Health: -10/62     AC: 12    Str: 23    XL:     7   Next: 56%
Magic:  6/6        EV:  8    Int:  5    God:
Gold:   24         SH:  4    Dex:  9    Spells: 6/6 levels left

rFire   . . .      SeeInvis .    a - +2 war axe
rCold   . . .      Faith    .    c - +0 buckler
rNeg    . . .      Spirit   .    i - +2 chain mail
rPois   .          Reflect  .    (helmet restricted)
rElec   .          Harm     .    (no cloak)
rCorr   .          Rampage  .    (no gloves)
Will    .....                    (no boots)
Stlth   ..........               (no amulet)
HPRegen 0.30/turn                g - ring of wizardry
MPRegen 0.10/turn                (no ring)

@: no status effects
A: horns 2, retaliatory headbutt
a: no special abilities


You were on level 4 of the Dungeon.
You visited 1 branch of the dungeon, and saw 4 of its levels.

You collected 129 gold pieces.
You spent 105 gold pieces at shops.

Inventory:

Hand Weapons
 a - a +2 war axe (weapon)
 j - a +2 halberd of venom
Missiles
 f - 9 poisoned darts (quivered)
Armour
 b - a +0 scale mail
 c - a +0 buckler (worn)
 i - a +2 chain mail (worn)
 k - a +0 plate armour
Jewellery
 g - a ring of wizardry (left hand)
Wands
 o - a wand of acid (5)
 r - a wand of flame (16)
Scrolls
 l - a scroll of teleportation
 n - a scroll of magic mapping
 s - a scroll of noise {unknown}
Potions
 d - a potion of might
 e - a potion of heal wounds
 h - 2 potions of lignification
 m - a potion of resistance {unknown}
 q - a potion of curing {unknown}
 t - a potion of flight {unknown}
 u - a potion of ambrosia {unknown}


   Skills:
 + Level 5.7 Fighting
 + Level 7.1 Axes
 + Level 6.1 Armour
 + Level 1.2 Dodging
 + Level 0.1 Stealth
 + Level 4.6 Shields


You had 6 spell levels left.
You didn't know any spells.
Your spell library contained the following spells:

 Spells                   Type           Power      Damage    Failure   Level
 Sublimation of Blood     Necr           0%         N/A       94%         2
 Petrify                  Tmut/Erth      0%         N/A       100%        4
 Irradiate                Conj/Tmut      0%         3d11      100%        5


Dungeon Overview and Level Annotations

Branches:
Dungeon (4/15)
 Temple: D:4-7

Altars:
Cheibriados

Shops:
D:3 ?


Innate Abilities, Weirdness & Mutations

You have a pair of horns on your head.
You reflexively headbutt those who attack you in melee.


Message History

HP restored.
There is a stone staircase leading down here.
You climb downwards.
The yak gores you. x3
There is a stone staircase leading up, spattered with blood here.
You slash the yak!
The yak is moderately wounded.
You closely miss the yak. You hit the yak. The yak barely misses you.
The yak gores you! The yak gores you.
You hit the yak. You headbutt the yak.
The yak is heavily wounded.
You slash the yak! You closely miss the yak. You block the yak's attack.
The yak gores you but does no damage. The yak gores you!
The yak gores you but does no damage. The yak barely misses you.
You furiously retaliate!
You headbutt the yak. The yak gores you but does no damage.
You barely miss the yak.
The yak is heavily wounded.
You barely miss the yak. You hit the yak but do no damage.
The yak completely misses you. You furiously retaliate!
You headbutt the yak. You block the yak's attack.
The yak gores you but does no damage.
You slash the yak! You headbutt the yak.
The yak is almost dead.
You hit the yak. You hit the yak but do no damage. The yak gores you!
* * * LOW HITPOINT WARNING * * *
The yak gores you but does no damage. The yak gores you!
* * * LOW HITPOINT WARNING * * *
Unknown command.
You slash the yak!
You kill the yak!
You slash the yak! x2; The yak gores you but does no damage.
You block the yak's attack.
Your Axes skill increases to level 7!
Your Armour skill increases to level 6!
You see here a yak corpse.
Unknown command.
You slash the yak!
The yak is almost dead.
You slash the yak! The yak gores you!
* * * LOW HITPOINT WARNING * * *
The yak gores you!
You die...

..# #.# # #.#
#.#.# # #.#.# .#
# ##.#.##.#.#
..##....$....###
$.....YY........
......#@........
..<.....##.#####
?.......( .#
.....##### #
....# .#.# #. #


You could see 2 yaks.

Vanquished Creatures
  Sigmund (D:2)
  2 yaks
  2 orc priests (D:3)
  A jelly (D:3)
  Ijyb (D:3)
  Terence (D:3)
  Natasha (thrice) (D:2)
  4 gnolls (D:3)
  2 adders
  A worm (D:2)
  5 orcs (D:3)
  6 bats
  11 endoplasms
  A giant cockroach (D:3)
  6 goblins
  5 hobgoblins
  2 jackals (D:3)
  2 quokkas (D:3)
  5 ball pythons
  8 frilled lizards
  8 kobolds
  3 rats
80 creatures vanquished.

Notes
Turn   | Place    | Note
-------+----------+-------------------------------------------
     0 | D:1      | bmack86 the Minotaur Fighter began the quest for the Orb.
     0 | D:1      | Reached XP level 1. HP: 19/19 MP: 0/0
   349 | D:1      | Reached XP level 2. HP: 27/27 MP: 1/1
  1054 | D:2      | Found a faded altar of an unknown god.
  1118 | D:2      | Noticed Natasha
  1125 | D:2      | Noticed a crimson imp
  1127 | D:2      | Reached XP level 3. HP: 16/33 MP: 2/2
  1133 | D:2      | Killed Natasha
  1134 | D:2      | Reached skill level 3 in Axes
  1373 | D:2      | Noticed Sigmund
  1397 | D:2      | Killed Sigmund
  1398 | D:2      | Reached skill level 4 in Axes
  1398 | D:2      | Reached skill level 5 in Armour
  1398 | D:2      | Reached XP level 4. HP: 22/41 MP: 3/3
  1398 | D:2      | Reached XP level 5. HP: 25/47 MP: 4/4
  1402 | D:2      | Noticed Natasha
  1408 | D:2      | Killed Natasha
  1409 | D:2      | Reached skill level 5 in Axes
  1520 | D:2      | Noticed Natasha
  1530 | D:2      | Killed Natasha
  1862 | D:2      | Reached XP level 6. HP: 55/55 MP: 5/5
  1992 | D:3      | Found Qiugovam's Magic Scroll Shop.
  2127 | D:3      | Noticed Terence
  2132 | D:3      | Killed Terence
  2133 | D:3      | Reached skill level 1 in Dodging
  2165 | D:3      | Reached skill level 5 in Fighting
  2846 | D:3      | Reached skill level 6 in Axes
  3043 | D:3      | Noticed Ijyb
  3053 | D:3      | Killed Ijyb
  3060 | D:3      | Found a snail-covered altar of Cheibriados.
  3219 | D:3      | Bought a scroll of enchant weapon for 105 gold pieces
  3245 | D:4      | Noticed a yak
  3245 | D:4      | Noticed a yak
  3245 | D:4      | Noticed a yak
  3246 | D:4      | Noticed a yak
  3259 | D:3      | Killed a yak
  3260 | D:3      | Reached XP level 7. HP: 40/61 MP: 6/6
  3337 | D:4      | Killed a yak
  3338 | D:4      | Reached skill level 7 in Axes
  3339 | D:4      | HP: 2/62 [yak (7)]
  3339 | D:4      | Mangled by a yak

Illustrated notes

Levels and vault maps discovered:
D:1:      heliophobic_arrival_dark_side_of_the_moon, layout_basic
D:2:      layout_basic, ebering_ecumenical_altar_sacrificial, uniq_natasha,
          uniq_sigmund
D:3:      layout_loops_ring, mainiacjoe_overflow_alcove_1,
          serial_co_window_serial, co_window_of_opportunity_a,
          co_window_paths_b, co_window_cross_1, co_window_paths_a,
          co_window_paths_a, co_window_2corner, co_window_2corner,
          co_window_cross_3, co_window_4corner_a, glass_columns_a,
          glass_columns_c, serial_shops, nicolae_shop_hallway_stairs,
          minmay_randomly_rotated_circles, uniq_terence, uniq_ijyb
D:4:      layout_loops_ring, zin_angel, mainiacjoe_overflow_catwalk,
          nicolae_ashenzari_skybound, minmay_temple_entry_nine_rooms

Skill      XL: |  1  2  3  4  5  6  7 |
---------------+----------------------+-----
Armour         | 4 5 6 |  6.1
Shields        | 4 |  4.6
Fighting       | 4 5 |  5.7
Axes           | 4 5 6 7 |  7.1
Dodging        | 1 |  1.2
Stealth        | |  0.1

Action                   |  1- 3 |  4- 6 |  7- 9 || total
-------------------------+-------+-------+-------++-------
Melee: War axe           |    96 |   101 |     6 ||   203
       Headbutt          |     7 |    12 |     2 ||    21
Throw: Dart              |     2 |       |       ||     2
  Use: Scroll            |     4 |     5 |       ||     9
Armor: Scale mail        |     9 |       |       ||     9
       Chain mail        |    61 |    47 |     6 ||   114
Dodge: Dodged            |    39 |    35 |     3 ||    77
Block: Buckler           |    17 |    23 |     3 ||    43

Table legend: (Time is in decaauts)
 A = Elapsed time spent in this place.
 B = Non-inter-level travel time spent in this place.
 C = Inter-level travel time spent in this place.
 D = Time resting spent in this place.
 E = Time spent auto-exploring this place.
 F = Levels seen in this place.
 G = Mean time per level.
                   A        B        C        D        E       F      G
               +--------+--------+--------+--------+--------+-----+--------+
         Total |   3417 |   3398 |     19 |    324 |   2255 |   4 |  854.2 |
       Dungeon |   3417 |   3398 |     19 |    324 |   2255 |   4 |  854.2 |
               +--------+--------+--------+--------+--------+-----+--------+

Top non-repeatable levels by time:
     D:3: 1357 daAuts
     D:1: 1060 daAuts
     D:2: 987 daAuts
     D:4: 12 daAuts
